 Dungeon Crawl Stone Soup version 0.25-a0-1007-g10a8c3caa8 (webtiles) character file.

Game seed: 9665924536014551765, levelgen mode: deterministic

177428 Flugslaktarn the Severer (level 17, -1/160 HPs)
             Began as a Minotaur Fighter on May 11, 2020.
             Was the Champion of Qazlal.
             Killed from afar by a swamp worm (12 damage)
             ... with a harpoon shot
             ... on level 3 of the Swamp.
             The game lasted 00:20:08 (32252 turns).

Flugslaktarn the Severer (Minotaur Fighter)        Turns: 32252, Time: 00:20:09

Health: -1/160     AC: 33    Str: 26    XL:     17   Next: 54%
Magic:  21/25      EV: 13    Int:  5    God:    Qazlal [******]
Gold:   1151       SH: 22    Dex: 15    Spells: 16/16 levels left

rFire    + + +     SeeInvis +   G - +14 obsidian axe {vorpal, +Fly SInv *Curse}
rCold    + . .     Gourm    .   S - +0 kite shield {reflect}
rNeg     . . .     Faith    .   A - +4 plate armour {rF+}
rPois    .         Spirit   .   (helmet restricted)
rElec    .         Reflect  +   g - +2 cloak
rCorr    .         Harm     .   O - +1 pair of gloves of a treasure trove {*Drain rF++ Str+3}
MR       +....                  v - +1 pair of boots
Stlth    ..........             y - amulet of rage
HPRegen  0.36/turn              c - ring of protection from cold
MPRegen  0.19/turn              f - ring of protection from fire

@: protected from physical damage, mesmerised, lightly drained, repel missiles
A: retaliatory headbutt, horns 2
a: Upheaval, Elemental Force, Disaster Area, Renounce Religion, Evoke Berserk
Rage, Evoke Flight


You were on level 3 of the Swamp.
You worshipped Qazlal.
Qazlal was exalted by your worship.
You were not hungry.

You visited 6 branches of the dungeon, and saw 30 of its levels.
You also visited: Ice Cave and Volcano.

You collected 2199 gold pieces.
You spent 1048 gold pieces at shops.

Inventory:

Hand Weapons
 a - a +1 war axe
 C - a +1 battleaxe of freezing
   (You took it off a frost giant in an ice cave)
 G - the +14 obsidian axe (weapon) {vorpal, +Fly SInv *Curse}
   (You found it on level 6 of the Lair of Beasts)

   It inflicts extra damage upon your enemies.
   It lets you see invisible.
   It lets you fly.
   It curses itself when equipped.
Missiles
 i - 2 throwing nets (quivered)
Armour
 g - a +2 cloak (worn)
   (You found it on level 1 of the Dungeon)
 l - a +0 kite shield
 v - a +1 pair of boots (worn)
   (You found it on level 1 of the Lair of Beasts)
 A - a +4 plate armour of fire resistance (worn)
   (You found it in a volcano)
 D - a +0 tower shield
   (You took it off Louise on level 14 of the Dungeon)
 O - the +1 pair of gloves of a treasure trove (worn) {*Drain rF++ Str+3}
   (You bought it in a shop on level 10 of the Dungeon)

   It affects your strength (+3).
   It greatly protects you from fire.
   It causes draining when unequipped.
 S - a +0 kite shield of reflection (worn)
   (You took it off Donald on level 1 of the Swamp)
Jewellery
 c - a ring of protection from cold (left hand)
   (You took it off a hobgoblin on level 3 of the Dungeon)
 f - a ring of protection from fire (right hand)
   (You found it on level 5 of the Lair of Beasts)
 m - an uncursed ring of protection from magic
   (You bought it in a shop on level 2 of the Orcish Mines)
 y - an amulet of rage (around neck)
   (You found it on level 8 of the Dungeon)
 E - an uncursed ring of positive energy
   (You found it on level 9 of the Dungeon)
 M - an uncursed ring of poison resistance {unknown}
   (You found it on level 1 of the Spider Nest)
 P - the ring of the Hart {*Contam rPois rN+ Slay+1}
   (You found it on level 1 of the Spider Nest)

   [ring of slaying]

   It affects your accuracy and damage with ranged weapons and melee attacks
   (+1).
   It protects you from poison.
   It protects you from negative energy.
   It causes magical contamination when unequipped.
 R - an uncursed ring of see invisible {unknown}
   (You found it on level 2 of the Swamp)
 T - an uncursed amulet of harm {unknown}
   (You found it on level 2 of the Swamp)
Wands
 j - a wand of iceblast (39)
   (You found it on level 4 of the Dungeon)
 z - a wand of paralysis (24)
   (You found it on level 5 of the Lair of Beasts)
 I - a wand of enslavement (9)
   (You found it on level 12 of the Dungeon)
 N - a wand of acid (38)
   (You found it on level 14 of the Dungeon)
Scrolls
 b - 2 scrolls of amnesia
 r - 7 scrolls of identify
 s - 2 scrolls of fear
 t - 12 scrolls of teleportation
 x - 3 scrolls of remove curse
 B - 2 scrolls of fog
 J - 2 scrolls of enchant armour
 K - a scroll of immolation
Potions
 d - 4 potions of might
 h - 5 potions of haste
 k - 5 potions of lignification
 n - a potion of resistance
 o - 4 potions of mutation
 p - 4 potions of flight
 q - 2 potions of curing
 u - 3 potions of invisibility
 w - a potion of heal wounds
 F - a potion of magic
 H - 2 potions of berserk rage
 L - 2 potions of cancellation
Comestibles
 e - 27 rations


   Skills:
 + Level 16.7(16.0) Fighting
 - Level 18.0(17.2) Axes
 + Level 16.7(15.9) Armour
 + Level 10.3(9.7) Dodging
 - Level 15.5(14.8) Shields
 - Level 12.0(11.3) Invocations


You had 16 spell levels left.
You didn't know any spells.
Your spell library was empty.

Dungeon Overview and Level Annotations

Branches:
Dungeon (15/15)            Temple (0/1) D:7            Lair (6/6) D:9
  Swamp (4/4) Lair:3       Spider (2/4) Lair:2        Slime (1/5) Lair:5
    Orc (2/2) D:10            Elf (0/3) Orc:2        Vaults (0/5) D:14
 Depths (0/5) D:15          IceCv (visited)         Volcano (visited)

Altars:
Ashenzari
Dithmenos
Fedhas
Gozag
Kikubaaqudgha
Makhleb
Qazlal
Sif Muna
Vehumet
Wu Jian
Yredelemnul
Zin

Shops:
D:7 (   D:9 *   D:10 [   D:11 }   D:13 :   Orc:2 [=%*

Annotations:
D:6 1 runed translucent door, kae's ghost, novice MfIE
D:8 2 transporters, Insin's ghost, novice MiCK


Innate Abilities, Weirdness & Mutations

You reflexively headbutt those who attack you in melee.
You have a pair of horns on your head.


Message History

Qazlal accepts your kill.
Visions of slaying the swamp worm flood into your mind.
The swamp worm fires a harpoon shot at you.
The harpoon shot hits you but does no damage.
You feel more protected from physical attacks.
You are too injured to fight recklessly!
You cannot move away from the swamp worm!
You cannot move away from the swamp worm!
Okay, then.
Evoke which item? (* to show all) (? for menu, Esc to quit)
Okay, then.
Aiming: Upheaval
Press: ? - help, Dir - move target cursor, f - swamp worm
Aim: a swamp worm (mesmerising)
A storm cloud blasts the area with cutting wind!
The cutting wind hits the swamp worm!!
The swamp worm is heavily wounded.
The swamp worm fires a harpoon shot at you.
The harpoon shot hits you!
You die...

♣..≈≈.÷≈≈≈....≈≈.
.♣♣♣♣.≈≈≈≈.≈≈..≈≈.≈≈≈
......≈.♣♣♣.≈≈≈≈...♣
≈..≈≈≈≈≈♣ ♣...≈≈≈≈...
≈≈≈≈≈≈≈≈♣♣♣.≈≈≈≈≈≈≈.≈
..≈≈≈≈≈≈≈≈...≈≈≈≈≈≈.≈
...§≈≈...♣☼☼>.≈≈≈≈≈..
≈(......§♣.☼..≈≈≈≈≈.≈
≈.≈..≈≈≈≈.@§≈≈≈≈≈≈≈..
≈.♣♣§.≈≈.§°.≈≈≈≈≈≈≈..
♣.≈...≈♣.≈≈≈≈≈...
♣.≈≈...♣♣≈≈≈≈....
≈≈.≈... ♣♣.w.≈≈..
≈≈≈..≈♣ §≈§≈≈≈♣
≈≈≈.≈♣ ≈≈≈≈.≈ §≈≈.≈
≈≈≈. ≈.≈.♣ ≈.§


You could see a swamp worm (mesmerising).

Vanquished Creatures
  Jorgrun (Swamp:3)
  A tentacled monstrosity (Swamp:2)
  Kirke (Swamp:3)
  Roxanne (D:14)
  A thorn hunter (Swamp:3)
  Donald (Swamp:1)
  Louise (D:14)
  A frost giant (IceCv)
  3 emperor scorpions (Spider:1)
  Nessos (Orc:2)
  A red draconian (Volcano)
  2 green draconians (Swamp:1)
  A spark wasp (Spider:2)
  An ettin (D:15)
  Snorg (Lair:5)
  Erolcha (D:10)
  4 ogre magi
  A rakshasa (D:15)
  Harold (Orc:1)
  14 hydras
  An ice dragon (Lair:1)
  2 shambling mangroves (Swamp:3)
  2 catoblepae
  A deep troll shaman (Lair:6)
  2 dancing weapons (D:14)
  6 alligators
  7 centaur warriors
  16 two-headed ogres
  5 tengu warriors
  10 death yaks
  A deep elf knight (D:15)
  Nergalle (D:11)
  Sonja (Lair:5)
  4 slime creatures
  5 skeletal warriors (D:13)
  A deep troll (D:15)
  7 unseen horrors
  A lindwurm (Lair:6)
  3 swamp dragons
  3 wolf spiders
  4 orb spiders (Spider:1)
  4 deep elf magi
  An orc sorcerer (Orc:1)
  A moth of wrath (Spider:1)
  13 ugly things
  4 cyclopes
  6 black mambas
  22 elephants
  An ice statue (IceCv)
  2 torpor snails
  An eye of devastation (shapeshifter) (D:13)
  16 spiny frogs
  A gargoyle (D:15)
  4 rime drakes
  7 komodo dragons
  2 yaktaurs (Volcano)
  A swamp worm zombie (Swamp:4)
  4 demonic crawlers (Spider:1)
  8 jumping spiders (Spider:1)
  9 tyrant leeches
  2 hydra zombies (Swamp:4)
  17 polar bears
  2 tengu conjurers
  5 trolls
  7 hornets
  16 blink frogs
  A spectral swamp dragon (Swamp:4)
  12 bog bodies
  7 hippogriffs
  4 alligator zombies (Swamp:4)
  5 redbacks (Spider:1)
  4 shadows
  2 spriggans (Swamp:2)
  2 tarantellas (Spider:1)
  48 yaks
  4 wyverns
  2 hogs (Swamp:3)
  A human (D:13)
  4 basilisks
  2 hungry ghosts (D:14)
  A steam dragon (D:7)
  14 vampire mosquitoes
  Menkaure (D:6)
  6 insubstantial wisps (Swamp:3)
  15 swamp worms
  An acid dragon (D:11)
  4 wargs
  2 hell hounds (Lair:1)
  8 porcupines
  16 water moccasins
  16 orc warriors
  A phantom (Swamp:4)
  4 sky beasts
  11 swamp drakes
  3 black bears
  A swamp dragon zombie (Swamp:4)
  26 ogres
  A black bear (shapeshifter) (D:14)
  An eye of draining (D:12)
  11 ice beasts
  29 wolves
  12 crocodiles
  24 centaurs
  4 big kobolds
  25 bullfrogs
  8 scorpions
  17 killer bees
  4 wights (D:15)
  2 electric eels (D:10)
  5 howler monkeys
  2 crimson imps
  2 bullfrog zombies
  A quasit (D:12)
  3 bullfrog skeletons
  3 centaur zombies
  7 hounds
  3 jellies
  11 orc priests
  A gnoll shaman (D:8)
  16 orc wizards
  3 centaur skeletons
  Ijyb (D:5)
  13 worker ants
  A spectral swamp drake (Swamp:4)
  A killer bee zombie (D:8)
  A hound zombie (D:7)
  Robin (D:2)
  7 gnolls
  9 adders
  4 shadow imps
  An ooze (D:4)
  3 adder skeletons
  2 adder zombies (D:7)
  5 worms
  2 dart slugs
  A leopard gecko (D:6)
  63 orcs
  6 bats
  6 giant cockroaches
  2 gnoll zombies (D:7)
  9 hobgoblins
  4 jackals (D:2)
  3 quokkas
  A ball python (D:1)
  3 frilled lizards
  13 goblins (D:2)
  A jackal zombie (D:5)
  22 kobolds
  2 quokka skeletons
  8 rats
  3 plants
899 creatures vanquished.

Vanquished Creatures (collateral kills)
  Saint Roka (Orc:2)
  A thorn hunter (Swamp:1)
  3 hydras
  An ogre mage (Orc:2)
  2 two-headed ogres (Orc:2)
  2 spectral hydras (Swamp:4)
  A swamp dragon (Swamp:1)
  An orb spider (Spider:1)
  6 ugly things
  A cyclops (D:12)
  A centaur skeleton (D:12)
  2 demonic crawlers (Spider:1)
  2 jumping spiders (Spider:1)
  3 tyrant leeches
  2 trolls (Orc:2)
  5 slime creatures
  2 hogs (Swamp:3)
  4 yaks (D:12)
  2 vampire mosquitoes
  A steam dragon (D:12)
  A swamp worm (Swamp:2)
  A harpy simulacrum (D:15)
  2 insubstantial wisps (Swamp:4)
  3 swamp drakes
  An orc warrior (Orc:2)
  5 ogres (Orc:2)
  2 centaurs (D:14)
  A bullfrog (D:14)
  A scorpion (D:14)
  An orc wizard (Orc:1)
  4 orcs
  4 kobolds (D:13)
69 creatures vanquished.

Vanquished Creatures (others)
  A polar bear (IceCv)
  4 yaks (IceCv)
  4 wolves (IceCv)
  2 orcs
  7 fungi
  21 plants
39 creatures vanquished.

Grand Total: 1007 creatures vanquished

Notes
Turn   | Place    | Note
-------+----------+-------------------------------------------
     0 | D:1      | Flugslaktarn the Minotaur Fighter began the quest for the
                  | Orb.
     0 | D:1      | Reached XP level 1. HP: 19/19 MP: 0/0
   192 | D:1      | Reached XP level 2. HP: 27/27 MP: 1/1
   223 | D:2      | Noticed Robin
   224 | D:2      | Reached skill level 3 in Axes
   237 | D:2      | Reached XP level 3. HP: 12/33 MP: 2/2
   239 | D:2      | Killed Robin
   569 | D:2      | You fall into a shaft and drop 1 floor!
   952 | D:2      | Reached skill level 4 in Axes
   952 | D:2      | Reached XP level 4. HP: 40/40 MP: 3/3
   990 | D:2      | Found a stormy altar of Qazlal.
  1013 | D:2      | Became a worshipper of Qazlal Stormbringer
  1034 | D:3      | Found a blossoming altar of Fedhas.
  1468 | D:3      | Found an ancient bone altar of Kikubaaqudgha.
  1714 | D:3      | Reached XP level 5. HP: 45/47 MP: 4/4
  2061 | D:4      | Reached skill level 1 in Invocations
  2391 | D:4      | Noticed an ogre
  2402 | D:4      | Killed an ogre
  2402 | D:4      | Reached skill level 5 in Axes
  2402 | D:4      | Reached XP level 6. HP: 28/55 MP: 4/6
  2547 | D:4      | Reached skill level 5 in Armour
  2765 | D:4      | Found a glowing silver altar of Zin.
  2860 | D:5      | Entered Level 5 of the Dungeon
  2865 | D:5      | Reached skill level 5 in Fighting
  2865 | D:5      | Reached skill level 5 in Shields
  3151 | D:5      | Reached * piety under Qazlal
  3151 | D:5      | Reached XP level 7. HP: 59/61 MP: 7/7
  3247 | D:5      | Found a burning altar of Makhleb.
  3247 | D:5      | Noticed a green death
  3356 | D:5      | Reached skill level 6 in Axes
  3820 | D:5      | Noticed Ijyb
  3834 | D:5      | Killed Ijyb
  3931 | D:5      | Found an ornate altar of the Wu Jian Council.
  4124 | D:6      | Noticed Menkaure
  4515 | D:6      | Reached XP level 8. HP: 69/70 MP: 9/9
  4532 | D:6      | Reached skill level 7 in Axes
  4632 | D:6      | Killed Menkaure
  4844 | D:6      | Found a runed translucent door.
  4849 | D:6      | Noticed kae's ghost (novice MfIE)
  4948 | D:7      | Found Iruet's Antique Weapon Boutique.
  5522 | D:7      | Reached skill level 8 in Axes
  5568 | D:7      | Found a basalt altar of Yredelemnul.
  5981 | D:7      | Found a staircase to the Ecumenical Temple.
  6132 | D:7      | Reached XP level 9. HP: 73/78 MP: 9/11
  6212 | D:8      | Noticed a two-headed ogre
  6214 | D:8      | Reached ** piety under Qazlal
  6229 | D:8      | Reached skill level 9 in Axes
  7057 | D:9      | Reached *** piety under Qazlal
  7370 | D:9      | Reached skill level 5 in Invocations
  7580 | D:8      | Found a transporter.
  7586 | D:8      | Noticed Insin's ghost (novice MiCK)
  7607 | D:8      | Identified the ring "Soomal" {rF+ MR+ Str+7}
  7641 | D:8      | Found a transporter.
  7656 | D:8      | Reached skill level 10 in Axes
  7803 | D:8      | Killed a two-headed ogre
  7803 | D:8      | Reached XP level 10. HP: 88/88 MP: 13/13
  8169 | D:9      | Found a staircase to the Lair.
  8507 | D:9      | Found Yrre's Assorted Antiques.
  8511 | D:9      | Bought a scroll labeled HENALU BOYS for 32 gold pieces
  8511 | D:9      | Bought a scroll labeled ALUB ZOCEMOGUA for 32 gold pieces
  8511 | D:9      | Bought a scroll labeled HENALU BOYS for 32 gold pieces
  8511 | D:9      | Bought a fizzy inky potion for 28 gold pieces
  8511 | D:9      | Bought a scroll of fog for 64 gold pieces
  8693 | D:9      | Noticed a deep elf mage
  8701 | D:9      | Killed a deep elf mage
  9095 | D:10     | Entered Level 10 of the Dungeon
  9104 | D:10     | Reached skill level 11 in Axes
  9109 | D:10     | Noticed Erolcha
  9119 | D:10     | Killed Erolcha
  9186 | D:10     | Killed an unseen horror
  9186 | D:10     | Reached **** piety under Qazlal
  9986 | D:10     | Found Udobba Peom's Armour Shop.
 10120 | D:10     | Killed an unseen horror
 10120 | D:10     | Reached XP level 11. HP: 62/97 MP: 14/14
 10365 | D:10     | Found a staircase to the Orcish Mines.
 10537 | D:11     | Found Hoump's Gadget Shoppe.
 10540 | D:11     | Noticed Nergalle
 10742 | D:11     | Killed Nergalle
 10742 | D:11     | Reached skill level 12 in Axes
 11017 | D:11     | Identified the +9 rapier "Enysuod" {drain, rPois rN++
                  | Dex-5}
 11270 | D:11     | Found a frozen archway.
 11279 | IceCv    | Entered an ice cave
 12335 | IceCv    | Reached skill level 10 in Armour
 12541 | IceCv    | Reached skill level 13 in Axes
 12550 | IceCv    | Reached skill level 10 in Shields
 12560 | IceCv    | Reached skill level 10 in Fighting
 12948 | IceCv    | Reached XP level 12. HP: 94/106 MP: 16/16
 13054 | IceCv    | Noticed a death yak
 13071 | IceCv    | Killed a death yak
 13151 | IceCv    | Noticed a frost giant
 13159 | IceCv    | Killed a frost giant
 14044 | D:11     | Reached skill level 14 in Axes
 14349 | D:11     | Found a shimmering blue altar of Sif Muna.
 14514 | Lair:1   | Entered Level 1 of the Lair of Beasts
 14564 | Lair:1   | Reached ***** piety under Qazlal
 14993 | Lair:1   | Found a dark tunnel.
 14999 | Volcano  | Entered a volcano
 15049 | Volcano  | Noticed a centaur warrior
 15056 | Volcano  | Killed a centaur warrior
 15303 | Volcano  | Noticed a red draconian
 15325 | Volcano  | Killed a red draconian
 16131 | Lair:1   | Noticed an ice dragon
 16152 | Lair:1   | Killed an ice dragon
 16797 | Lair:2   | Found a hole to the Spider Nest.
 16805 | Lair:2   | Reached XP level 13. HP: 116/116 MP: 18/18
 16838 | Lair:2   | Reached skill level 15 in Axes
 18210 | Lair:3   | Found a staircase to the Swamp.
 20003 | Lair:5   | Noticed Snorg
 20004 | Lair:5   | Reached skill level 16 in Axes
 20232 | Lair:5   | Killed Snorg
 20500 | Lair:5   | Found a stormy altar of Qazlal.
 20539 | Lair:5   | Noticed Sonja
 20552 | Lair:5   | Killed Sonja
 20623 | Lair:5   | Reached skill level 10 in Invocations
 20625 | Lair:5   | Reached XP level 14. HP: 85/127 MP: 10/20
 20944 | Lair:5   | Found a staircase to the Slime Pits.
 21185 | Lair:5   | Found a runed translucent door.
 21745 | Lair:6   | Entered Level 6 of the Lair of Beasts
 22517 | Lair:6   | Reached skill level 17 in Axes
 23535 | Lair:6   | Found the cursed +14 obsidian axe {vorpal, +Fly SInv
                  | *Curse}
 23811 | Lair:6   | Found an opulent altar of Gozag.
 24576 | D:13     | Reached XP level 15. HP: 102/136 MP: 22/22
 24937 | D:13     | Reached skill level 1 in Dodging
 25109 | D:13     | Reached skill level 18 in Axes
 25424 | D:13     | Found Xipuciss's Book Shoppe.
 25502 | D:13     | Found a shadowy altar of Dithmenos.
 25727 | D:14     | Noticed Louise
 25749 | D:14     | Killed Louise
 25783 | D:14     | Found a shattered altar of Ashenzari.
 26105 | D:14     | Reached ****** piety under Qazlal
 26196 | D:14     | Identified Roxanne's Papyrus of Moulding
 26196 | D:14     | Noticed Roxanne
 26220 | D:14     | Killed Roxanne
 26654 | D:14     | Found a gate to the Vaults.
 26936 | D:15     | Entered Level 15 of the Dungeon
 26936 | D:15     | Found a radiant altar of Vehumet.
 27310 | D:15     | Reached skill level 5 in Dodging
 27359 | D:15     | Found a staircase to the Depths.
 27513 | D:15     | Reached XP level 16. HP: 147/147 MP: 24/24
 28079 | Orc:1    | Entered Level 1 of the Orcish Mines
 28089 | Orc:1    | Noticed Harold
 28100 | Orc:1    | Killed Harold
 28259 | Orc:2    | Entered Level 2 of the Orcish Mines
 28296 | Orc:2    | Noticed Nessos
 28303 | Orc:2    | Found a staircase to the Elven Halls.
 28721 | Orc:2    | Noticed Saint Roka
 28740 | Orc:2    | Reached skill level 15 in Fighting
 28750 | Orc:2    | Killed Saint Roka
 28750 | Orc:2    | Reached skill level 15 in Armour
 28750 | Orc:2    | Reached skill level 15 in Shields
 29169 | Orc:2    | Killed Nessos
 29186 | Orc:2    | Found Ocveva's Jewellery Emporium.
 29197 | Orc:2    | Found Meepp's General Store.
 29197 | Orc:2    | Found Nimuorod's Food Emporium.
 29197 | Orc:2    | Found Jadyejal's Armour Boutique.
 29249 | Orc:2    | Bought an uncursed ring of protection from magic for 375
                  | gold pieces
 29319 | D:10     | Bought the +1 pair of gloves of a treasure trove {*Drain
                  | rF++ Str+3} for 485 gold pieces
 29404 | Spider:1 | Entered Level 1 of the Spider Nest
 29711 | Spider:1 | Got a scintillating pewter ring
 29712 | Spider:1 | Identified the ring of the Hart {*Contam rPois rN+ Slay+1}
                  | (You found it on level 1 of the Spider Nest)
 29887 | Slime:1  | Entered Level 1 of the Pits of Slime
 30008 | Swamp:1  | Entered Level 1 of the Swamp
 30010 | Swamp:1  | Noticed a thorn hunter
 30024 | Swamp:1  | Killed a thorn hunter
 30067 | Swamp:1  | Noticed Donald
 30072 | Swamp:1  | Killed Donald
 30635 | Swamp:1  | Reached XP level 17. HP: 155/158 MP: 25/25
 31112 | Swamp:2  | Noticed a tentacled monstrosity
 31122 | Swamp:2  | Killed a tentacled monstrosity
 31744 | Swamp:3  | Found the +10 Black Knight's horse barding {ponderous,
                  | rPois rN+}
 31816 | Swamp:3  | Noticed Jorgrun
 31834 | Swamp:3  | Killed Jorgrun
 31835 | Swamp:3  | Noticed Kirke
 31852 | Swamp:3  | Killed Kirke
 31852 | Swamp:3  | Reached skill level 10 in Dodging
 32092 | Swamp:4  | Entered Level 4 of the Swamp
 32252 | Swamp:3  | Killed from afar by a swamp worm

Illustrated notes

Levels and vault maps discovered:
D:1:      lightli_arrival_farm, layout_loops_ring, tso_altar
D:2:      mumra_celtic_spiral_tile, layout_basic, lemuel_round_altar,
          first_ration, st_stairs_11, uniq_robin
D:3:      layout_loops_ring, marbit_many_paths, fedhas_altar_2
D:4:      layout_rooms, lemuel_crystal_altar, serial_bayou_pond_e
D:5:      layout_basic, kennysheep_mini_moat, makhleb_altar_promises_db,
          chequers_serial_rivers_room_b, uniq_ijyb
D:6:      layout_basic, ebering_ghost_reflecting_pool, uniq_menkaure
D:7:      layout_basic, lemuel_zombie_altar_yredelemnul,
          minmay_temple_entry_nine_rooms, serial_shops, shop
D:8:      layout_cave_pools, gammafunk_ghost_gnarly_gnolls
D:9:      cheibrodos_elevator_heist, layout_loops_ring, lair_entry_dummy,
          serial_shops, shop
D:10:     layout_cave_pools, erik_orc_2, serial_shops, nicolae_shop_trees,
          uniq_erolcha
D:11:     layout_roguey, portal_ice_cave_entry_ice_beasts, basic_altar,
          serial_shops, nicolae_shop_stone, uniq_nergalle
D:12:     layout_rooms
D:13:     layout_cave_pods, serial_shops, nicolae_shop_crystal, grunt_pizzeria,
          hangedman_decor_riveting, nicolae_dithmenos_through_a_glass_darkly
D:14:     layout_rooms, erik_vaults_1, nicolae_ashenzari_panopticon,
          uniq_roxanne, uniq_louise
D:15:     hangedman_depths_entry_civil_slaughter, layout_stronghold,
          serial_column_ruins, column_ruins_open_small,
          column_ruins_open_medium, column_ruins_open_small,
          column_ruins_open_tiny, column_ruins_corridor_corner,
          column_ruins_corridor_plus, basic_altar, minmay_misc_feat_chi
Lair:1:   dragon1_lemuel, layout_cave_pods, enter_volcano_3, grunt_megastairs_5
Lair:2:   layout_concentric_octagons, nicolae_spider_entry_non_spiders
Lair:3:   layout_cave_shapes, minmay_swamp_entry_worms, gauntlet_entry_generic
Lair:4:   layout_layer_cave, minmay_shattered_shrine
Lair:5:   layout_regular_city, dpeg_slime_entry_corner, basic_altar,
          pf_torpor_hydra, uniq_sonja, uniq_snorg
Lair:6:   grunt_lair_end_beastmaster, layout_regular_city, basic_altar
Swamp:1:  layout_falls_marsh, evilmike_swamp_ruin_house_4, swamp_pool2,
          hangedman_swamp_dais, uniq_donald
Swamp:2:  cheibrodos_swamp_monstrosity, layout_basic_swamp,
          hangedman_swamp_ruin_hall
Swamp:3:  layout_basic_swamp, infiniplex_staircase_pool, uniq_kirke,
          uniq_jorgrun
Swamp:4:  swamp_pestilence, layout_basic_swamp
Spider:1: layout_spider_delve
Spider:2: layout_chambers
Slime:1:  layout_caves, cheibrodos_slime_lost_civilization_6
Orc:1:    layout_diamond_mine, uniq_harold
Orc:2:    st_orc_ogre_mass, layout_caves, basic_altar, uniq_saint_roka,
          uniq_nessos

Skill      XL: |  1  2  3  4  5  6  7  8  9 10 11 12 13 14 15 16 17 |
---------------+----------------------------------------------------+-----
Axes           | 3 4 5 6 8 10 11 13 14 16 17 18 | 18.0
Armour         | 4 5 6 8 9 10 11 12 13 14 15 16 | 16.7
Shields        | 4 5 6 8 9 10 11 12 13 14 15 | 15.5
Fighting       | 4 5 6 8 9 10 11 12 13 14 15 16 | 16.7
Invocations    | 1 2 4 5 6 7 9 10 11 12 | 12.0
Dodging        | 5 8 10 | 10.3

Action                   |  1- 3 |  4- 6 |  7- 9 | 10-12 | 13-15 | 16-18 || total
-------------------------+-------+-------+-------+-------+-------+-------++-------
Melee: War axe           |    83 |   143 |   288 |   764 |   676 |     4 ||  1958
       Headbutt          |    11 |    20 |    69 |   208 |   295 |   128 ||   731
       Broad axe         |       |       |       |       |   392 |   544 ||   936
Invok: Upheaval          |       |       |       |     8 |    16 |     1 ||    25
 Abil: Evoke Berserk Rag |       |       |     1 |       |       |       ||     1
       Evoke Flight      |       |       |       |       |       |     2 ||     2
Evoke: Wand              |       |       |       |       |     8 |       ||     8
  Use: Potion            |     1 |       |     3 |     8 |     2 |     3 ||    17
       Scroll            |       |     1 |     6 |    17 |     3 |     9 ||    36
 Stab: Petrified         |       |       |       |       |     5 |       ||     5
       Petrifying        |       |       |       |       |     3 |       ||     3
       Distracted        |       |       |       |       |     2 |    13 ||    15
  Eat: Chunk             |       |     7 |    12 |    13 |    16 |     7 ||    55
       Ration            |       |       |     1 |     5 |     6 |     3 ||    15
Armor: Scale mail        |    33 |       |       |       |       |       ||    33
       Chain mail        |    18 |    77 |    28 |     2 |       |       ||   125
       Plate armour      |       |       |   132 |   317 |   495 |   203 ||  1147
Dodge: Dodged            |    25 |    31 |    65 |   107 |   181 |   149 ||   558
       Repelled          |       |       |       |     5 |     9 |    14 ||    28
Block: Kite shield       |    49 |    80 |   206 |   611 |   797 |   306 ||  2049
       Tower shield      |       |       |       |       |   184 |   311 ||   495
       Reflection        |       |       |       |       |       |    11 ||    11

Table legend:
 A = Non-vault XP
 B = Vault XP
 C = Vault XP percentage of total XP
 D = Non-vault monster count
 E = Vault monster count
 F = Vault count percentage of total count
                 A         B        C        D         E       F
            +---------+---------+-------+---------+---------+-------
      Total |  162196 |   93876 |  36.7 |     719 |     247 |  25.6
            +---------+---------+-------+---------+---------+-------
        D:1 |      12 |       0 |   0.0 |       9 |       0 |   0.0
        D:2 |      98 |      41 |  29.5 |      24 |      15 |  38.5
        D:3 |      45 |       1 |   2.2 |      13 |       1 |   7.1
        D:4 |     326 |       0 |   0.0 |      12 |       0 |   0.0
        D:5 |     497 |      36 |   6.8 |      16 |       1 |   5.9
        D:6 |     463 |     172 |  27.1 |       9 |       1 |  10.0
        D:7 |    1120 |       4 |   0.4 |      22 |       2 |   8.3
        D:8 |    2983 |       0 |   0.0 |      41 |       0 |   0.0
        D:9 |    1703 |       0 |   0.0 |      26 |       0 |   0.0
       D:10 |    2152 |    1849 |  46.2 |      31 |      22 |  41.5
       D:11 |    4134 |    1836 |  30.8 |      36 |       9 |  20.0
       D:12 |    7165 |       0 |   0.0 |      43 |       0 |   0.0
       D:13 |   14822 |     196 |   1.3 |      49 |       1 |   2.0
       D:14 |   16046 |    5340 |  25.0 |      50 |       4 |   7.4
       D:15 |   11735 |    5454 |  31.7 |      29 |       6 |  17.1
     Lair:1 |    2244 |    2258 |  50.2 |      10 |       8 |  44.4
     Lair:2 |    4309 |     495 |  10.3 |      14 |       8 |  36.4
     Lair:3 |    5679 |     762 |  11.8 |      25 |       3 |  10.7
     Lair:4 |    6050 |    4077 |  40.3 |      26 |       8 |  23.5
     Lair:5 |   11397 |    3325 |  22.6 |      33 |       4 |  10.8
     Lair:6 |   13308 |    8909 |  40.1 |      38 |      18 |  32.1
    Swamp:1 |    9236 |    6185 |  40.1 |      21 |       9 |  30.0
    Swamp:2 |   10620 |    2869 |  21.3 |      27 |       1 |   3.6
    Swamp:3 |   13118 |    5588 |  29.9 |      39 |       6 |  13.3
    Swamp:4 |    3077 |    4400 |  58.8 |       9 |      18 |  66.7
   Spider:1 |   15165 |       0 |   0.0 |      35 |       0 |   0.0
   Spider:2 |    1781 |       0 |   0.0 |       2 |       0 |   0.0
      Orc:1 |    1419 |     981 |  40.9 |      18 |       1 |   5.3
      Orc:2 |    1492 |   24901 |  94.3 |      12 |      50 |  80.6
      IceCv |       0 |   11135 | 100.0 |       0 |      45 | 100.0
    Volcano |       0 |    3062 | 100.0 |       0 |       6 | 100.0
            +---------+---------+-------+---------+---------+-------
